 Dungeon Crawl Stone Soup version 0.31-a0-1476-g8a4046af8c (webtiles) character file.

Game seed: 296886600044044304

161 NoAnimeNoLife the Trooper (level 5, -7/50 HPs)
             Began as a Hill Orc Fighter on Dec 29, 2023.
             Mangled by an orc warrior
             ... wielding a +0 battleaxe
              (9 damage)
             ... on level 3 of the Dungeon.
             The game lasted 00:01:18 (1849 turns).

NoAnimeNoLife the Trooper (Hill Orc Fighter)        Turns: 1849, Time: 00:01:18

Health: -7/50      AC:  6    Str: 21    XL:     5   Next: 42%
Magic:  5/5        EV:  9    Int:  8    God:
Gold:   97         SH:  4    Dex: 10    Spells: 4/4 levels left

rFire   . . .        a - +0 war axe
rCold   . . .        c - +0 buckler
rNeg    . . .        b - +0 scale mail
rPois   .            (no helmet)
rElec   .            (no cloak)
rCorr   .            (no gloves)
SInv    .            (no boots)
Will    .....        (no amulet) Stlth
                     (no ring)
HPRegen 0.28/turn    (no ring)
MPRegen 0.09/turn

%: no passive effects
@: mighty
A: no striking features
a: no special abilities


You were on level 3 of the Dungeon.
You visited 1 branch of the dungeon, and saw 3 of its levels.

You collected 97 gold pieces.

Inventory:

Hand Weapons
 a - a +0 war axe (weapon)
Armour
 b - a +0 scale mail (worn)
 c - a +0 buckler (worn)
Jewellery
 j - a ring of fire
Scrolls
 e - a scroll of identify {@r1}
 g - a scroll of fear
 i - a scroll of silence
Potions
 h - a potion of magic


   Skills:
 + Level 5.6 Fighting
 + Level 5.4 Axes
 - Level 3.2 Armour
 - Level 3.2 Shields


You had 4 spell levels left.
You didn't know any spells.
Your spell library was empty.

Dungeon Overview and Level Annotations

Branches:
Dungeon (3/15)

Altars:


Message History

There is a stone staircase leading up here.
You climb upwards.
There is a stone staircase leading down here.
You start resting.
HP restored.
You start waiting.
Done waiting.
It was a potion of magic.
Magic courses through your body.
It was a potion of attraction.
You feel attractive to monsters.
You start waiting.
You feel less attractive to monsters.
Okay, then.
You can't go up here!
You climb downwards.
There is a stone staircase leading up here.
Things that are here:
a +0 leather armour; a +0 short sword; an orc skeleton The orc warrior shouts!
You feel very mighty all of a sudden. The orc warrior barely misses you.
You barely miss the orc warrior.
The orc warrior hits you with a +0 battleaxe!
You block the orc warrior's attack.
You hit the orc warrior.
The orc warrior is lightly wounded.
The orc warrior hits you with a +0 battleaxe!
You hit the orc warrior.
The orc warrior is moderately wounded.
The orc warrior hits you with a +0 battleaxe!
You hit the orc warrior.
The orc warrior is moderately wounded.
The orc warrior hits you with a +0 battleaxe!
* * * LOW HITPOINT WARNING * * *
You slash the orc warrior!
The orc warrior is severely wounded.
The orc warrior hits you with a +0 battleaxe!
* * * LOW HITPOINT WARNING * * *
The orc warrior hits you with a +0 battleaxe!
You die...

.......<....# ....
.######....##.....
#>.............
#######[##.....
#.##.....
#.รท......
#.###.... ####...#
.. #####..@.#.#
#.....o###.#
#....[.# #
'....))# #......#
#...(... #......#
###+#... ....


You could see an orc warrior.

Vanquished Creatures
  Jessica (D:3)
  Natasha (thrice) (D:2)
  A dart slug (D:1)
  A worm (D:2)
  5 orcs (D:3)
  4 bats
  10 endoplasms
  A giant cockroach (D:1)
  2 goblins (D:2)
  3 hobgoblins
  2 jackals (D:2)
  A quokka (D:2)
  3 ball pythons
  2 frilled lizards (D:1)
  6 kobolds
  5 rats
50 creatures vanquished.

Notes
Turn   | Place    | Note
-------+----------+-------------------------------------------
     0 | D:1      | NoAnimeNoLife the Hill Orc Fighter began the quest for the
                  | Orb.
     0 | D:1      | Reached XP level 1. HP: 19/19 MP: 1/1
   129 | D:1      | Reached XP level 2. HP: 24/27 MP: 2/2
   780 | D:1      | Reached XP level 3. HP: 34/34 MP: 3/3
   914 | D:2      | Found a faded altar of an unknown god.
   921 | D:2      | Noticed Natasha
   926 | D:2      | Killed Natasha
  1016 | D:2      | Reached XP level 4. HP: 38/41 MP: 4/4
  1083 | D:2      | Noticed Natasha
  1095 | D:2      | Killed Natasha
  1096 | D:2      | Reached skill level 5 in Fighting
  1193 | D:2      | Noticed Natasha
  1200 | D:2      | Killed Natasha
  1201 | D:2      | Reached skill level 5 in Axes
  1201 | D:2      | Reached XP level 5. HP: 35/48 MP: 5/5
  1523 | D:3      | Noticed Jessica
  1525 | D:3      | Noticed an orc warrior
  1528 | D:3      | Killed Jessica
  1849 | D:3      | HP: 2/50 [orc warrior/+0 battleaxe (10)]
  1849 | D:3      | Mangled by an orc warrior

Illustrated notes

Levels and vault maps discovered:
D:1:      beargit_arrival_greenhouse, layout_loops_corners
D:2:      layout_rooms, hellmonk_ecumenical_altar_crossroads, uniq_natasha
D:3:      layout_basic, st_stairs_7, grunt_ministairs_1, kennysheep_minor_cross,
          uniq_jessica, uniq_terence

Skill      XL: |  1  2  3  4 |
---------------+-------------+-----
Axes           | 3 4 5 |  5.4
Fighting       | 4 5 |  5.6
Armour         | |  3.2
Shields        | |  3.2

Action                     |  1- 3 |  4- 6 || total
---------------------------+-------+-------++-------
  Melee: War axe           |    68 |    76 ||   144
    Use: Scroll            |       |     3 ||     3
         Potion            |       |     3 ||     3
 Armour: Scale mail        |    42 |    69 ||   111
  Dodge: Dodged            |    33 |    33 ||    66
  Block: Buckler           |    15 |    18 ||    33

Table legend: (Time is in decaauts)
 A = Elapsed time spent in this place.
 B = Non-inter-level travel time spent in this place.
 C = Inter-level travel time spent in this place.
 D = Time resting spent in this place.
 E = Time spent auto-exploring this place.
 F = Levels seen in this place.
 G = Mean time per level.
                   A        B        C        D        E       F      G
               +--------+--------+--------+--------+--------+-----+--------+
         Total |   1918 |   1904 |     14 |    328 |   1217 |   3 |  639.3 |
       Dungeon |   1918 |   1904 |     14 |    328 |   1217 |   3 |  639.3 |
               +--------+--------+--------+--------+--------+-----+--------+

Top non-repeatable levels by time:
     D:2: 977 daAuts
     D:1: 872 daAuts
     D:3: 68 daAuts
